 Dungeon Crawl Stone Soup version 0.30.0-5-g1a98f26d00 (webtiles) character file.

Game seed: 1643132504624226643

4 Woods the Ruffian (level 1, 0/18 HPs)
             Began as a Naga Transmuter on May 11, 2023.
             Slain by a bat (1 damage)
             ... on level 1 of the Dungeon.
             The game lasted 00:00:52 (83 turns).

Woods the Ruffian (Naga Transmuter)                   Turns: 83, Time: 00:00:53

Health: 0/18       AC:  1    Str: 12    XL:     1   Next: 60%
Magic:  2/3        EV:  9    Int: 13    God:
Gold:   0          SH:  0    Dex: 11    Spells: 3/4 levels left

rFire   . .          .
                       - Unarmed
rCold   . . .        (no shield)
rNeg    . . .        a - +0 robe
rPois   +            (helmet currently unavailable)
rElec   .            (no cloak)
rCorr   .            (no gloves)
SInv    +            (no barding)
Will    .....        (no amulet)
Stlth   +            (no ring)
HPRegen 0.23/turn    (no ring)
MPRegen 0.08/turn

%: no passive effects
@: appendages, very slow
A: horns 2, AC +0, large, see invisible, deformed body, poison resistance,
slowness 2, spit poison 1, naga tail 1
a: Spit Poison, End Transformation


You were on level 1 of the Dungeon.
You had temporarily grown beastly horns.
You visited 1 branch of the dungeon, and saw 1 of its levels.

Inventory:

Armour
 a - a +0 robe (worn)
Potions
 b - a potion of lignification


   Skills:
 * Level 1.2 Fighting
 - Level 1.5 Dodging
 * Level 3.1 Unarmed Combat
 + Level 2.0 Spellcasting
 + Level 2.0 Transmutations


You had 3 spell levels left.
You knew the following spells:

 Your Spells              Type           Power      Damage    Failure   Level
a - Beastly Appendage     Tmut           12%        N/A       11%         1

Your spell library contained the following spells:

 Spells                   Type           Power      Damage    Failure   Level
 Wereblood                Tmut           6%         N/A       17%         2
 Spider Form              Tmut/Pois      4%         N/A       45%         3
 Ice Form                 Ice/Tmut       4%         N/A       86%         4


Dungeon Overview and Level Annotations

Branches:
Dungeon (1/15)

Altars:


Innate Abilities, Weirdness & Mutations

You have temporarily grown beastly horns.
Your serpentine skin is tough. (AC +0)
You have supernaturally acute eyesight. (SInv)
Armour fits poorly on your strangely shaped body.
Your system is resistant to poisons. (rPois)
You cover ground very slowly.
You can spit poison.
You have a snake-like lower body.


Message History

The bat attacks as you move away! The bat barely misses you.
The bat hits you but does no damage.
Okay, then.
The bat hits you.
* * * LOW HITPOINT WARNING * * *
You closely miss the bat. The bat completely misses you. The bat hits you.
* * * LOW HITPOINT WARNING * * *
Your transformation is almost over.
The bat barely misses you.
Aiming: Spit Poison (3% risk of failure)
Press: ? - help, Shift-Dir - straight line, f/p - bat
Aim: a bat (35% to hit)
The splash of poison hits the rat!
The rat is poisoned.
You kill the rat!
The bat closely misses you.
Unknown command.
The bat closely misses you. The bat hits you.
* * * LOW HITPOINT WARNING * * *
The bat closely misses you.
You hit the bat but do no damage.
You have got your breath back.
The bat barely misses you. The bat completely misses you.
You closely miss the bat.
Your horns disappear.
The bat hits you.
* * * LOW HITPOINT WARNING * * *
The bat hits you.
* * * LOW HITPOINT WARNING * * *
Casting: Beastly Appendage (safe; 11% risk of failure)
Confirm with . or Enter, or press ? or * to list all spells.
You grow a pair of large bovine horns.
The bat barely misses you. x2
You hit the bat.
The bat is severely wounded.
The bat barely misses you.
You barely miss the bat.
The bat is moderately wounded.
The bat closely misses you. The bat hits you.
You die...

#....#.......
#....##...++#
#....# ...#
#....# ###
##....# ##..##.##
#..###.)# #.##
##.#
#@#####g#######
#.bgg.#...#...#
#####.###.#b#.###
#...#r..#...#
###g#.#####.#
#...# #<.# #####
##.# #.# #.#


You could see a hobgoblin, a goblin and a bat.

Vanquished Creatures
  A hobgoblin (D:1)
  A quokka (D:1)
  A goblin (D:1)
  A rat (D:1)
4 creatures vanquished.

Notes
Turn   | Place    | Note
-------+----------+-------------------------------------------
     0 | D:1      | Woods the Naga Transmuter began the quest for the Orb.
     0 | D:1      | Reached XP level 1. HP: 18/18 MP: 3/3
    83 | D:1      | Slain by a bat

Illustrated notes

Levels and vault maps discovered:
D:1:      elethiomel_arrival_maze, layout_basic, minmay_indecisive_spiral

Action                     || total
---------------------------++-------
  Melee: Unarmed           ||    17
         Headbutt          ||     1
         Punch             ||     1
   Cast: Beastly Appendage ||     3
Ability: Spit Poison       ||     2
 Armour: Robe              ||     9
  Dodge: Dodged            ||    27
